3077 views
Uploaded 2020-11-28 22:20:13
Game version 1.32.9
26:09 long 4on4 ladder game on (8)GoldRush
Saved by AskeLange
3077 views
Uploaded 2020-11-28 22:20:13
Game version 1.32.9
26:09 long 4on4 ladder game on (8)GoldRush


266 units @ 35.1k
/ 4k
102 buildings @ 16.2k
/ 6.8k


| Healing Salve | 1 | 100 |
| Scroll of Speed | 1 | 50 |
| Orb of Lightning | 1 | 375 |
| Scroll of Town Portal | 3 | 1050 |
| total: | 6 | 1575g |
| Peon | 24 | 1800 | / | 0 |
| Troll Headhunter | 9 | 1260 | / | 180 |
| Troll Berserker | 18 | 2520 | / | 360 |
| Troll Witch Doctor | 7 | 1015 | / | 175 |
| Shaman | 8 | 1040 | / | 160 |
| total: | 66 | 7635g | / | 875w |
| Watch Tower | 2 | 220 | / | 160 |
| War Mill | 1 | 205 | / | 0 |
| Barracks | 1 | 180 | / | 50 |
| Orc Burrow | 9 | 1440 | / | 360 |
| Altar of Storms | 2 | 360 | / | 100 |
| Voodoo Lounge | 1 | 130 | / | 30 |
| Great Hall | 2 | 770 | / | 370 |
| Spirit Lodge | 3 | 450 | / | 450 |
| Stronghold | 1 | 315 | / | 190 |
| Fortress | 1 | 325 | / | 190 |
| total: | 21 | 3755g | / | 1520w |
| 0:03 | Peon |
| 0:08 | War Mill |
| 0:13 | Barracks |
| 0:17 | Peon |
| 0:29 | Orc Burrow |
| 0:41 | Peon |
| 0:52 | Peon |
| 1:12 | Altar of Storms |
| 1:16 | Peon |
| 1:26 | Peon |
| 1:41 | Orc Burrow |
| 1:54 | Troll Headhunter |
| 2:09 | Troll Headhunter |
| 2:24 | Voodoo Lounge |
| 2:36 | Troll Headhunter |
| 2:53 | Peon |
| 2:57 | Troll Headhunter |
| 3:15 | Peon |
| 3:20 | Feral Spirit |
| 3:23 | Orc Burrow |
| 4:01 | Great Hall |
| 4:27 | Chain Lighting |
| 4:32 | Stronghold |
| 4:42 | Healing Salve |
| 5:08 | Troll Headhunter |
| 5:50 | Orc Burrow |
| 6:19 | Troll Headhunter |
| 6:51 | Troll Headhunter |
| 7:02 | Spirit Lodge |
| 7:07 | Spirit Lodge |
| 7:11 | Fortress |
| 7:14 | Peon |
| 7:46 | Peon |
| 7:46 | Peon |
| 7:47 | Peon |
| 7:55 | War Stomp |
| 7:57 | Scroll of Town Portal |
| 8:43 | Troll Headhunter |
| 9:07 | Troll Headhunter |
| 9:13 | Scroll of Speed |
| 9:17 | Peon |
| 9:17 | Peon |
| 9:22 | Shaman Adept Training |
| 9:23 | Witch Doctor Adept Training |
| 9:39 | Peon |
| 9:39 | Peon |
| 9:48 | Peon |
| 9:52 | Berserker Upgrade |
| 10:10 | Peon |
| 10:46 | Shaman Master Training |
| 10:46 | Witch Doctor Master Training |
| 10:48 | Troll Berserker |
| 11:14 | Reinforced Defenses |
| 11:27 | Peon |
| 11:28 | Peon |
| 11:42 | Feral Spirit |
| 11:50 | Peon |
| 12:16 | Troll Witch Doctor |
| 12:16 | Shaman |
| 12:24 | Troll Berserker |
| 12:37 | Orc Burrow |
| 13:00 | Orc Burrow |
| 13:43 | Troll Berserker |
| 13:44 | Troll Berserker |
| 13:45 | Shaman |
| 13:46 | Troll Witch Doctor |
| 13:58 | Shaman |
| 14:20 | Troll Berserker |
| 14:21 | Troll Berserker |
| 15:12 | Troll Berserker |
| 15:12 | Troll Berserker |
| 15:12 | Troll Berserker |
| 15:14 | Shaman |
| 15:14 | Troll Witch Doctor |
| 15:16 | Steel Ranged Weapons |
| 15:16 | Steel Armor |
| 15:26 | Scroll of Town Portal |
| 15:26 | Orb of Lightning |
| 15:31 | Endurance Aura |
| 15:56 | Troll Berserker |
| 15:56 | Troll Berserker |
| 16:14 | Altar of Storms |
| 16:16 | Orc Burrow |
| 16:36 | Chain Lighting |
| 17:11 | Shaman |
| 17:12 | Troll Witch Doctor |
| 17:15 | Orc Burrow |
| 17:18 | Peon |
| 17:18 | Peon |
| 17:18 | Peon |
| 17:34 | Troll Berserker |
| 17:48 | Scroll of Town Portal |
| 18:01 | Spirit Lodge |
| 18:25 | Shaman |
| 18:25 | Troll Witch Doctor |
| 18:26 | Troll Berserker |
| 18:27 | Troll Regeneration |
| 19:39 | Shaman |
| 19:49 | Troll Berserker |
| 19:49 | Troll Berserker |
| 19:49 | Chain Lighting |
| 21:19 | Endurance Aura |
| 21:45 | Troll Witch Doctor |
| 21:46 | Troll Berserker |
| 21:47 | Troll Berserker |
| 21:48 | Thorium Ranged Weapons |
| 21:48 | Thorium Armor |
| 22:08 | Great Hall |
| 22:28 | Troll Witch Doctor |
| 22:54 | Shaman |
| 22:56 | Troll Berserker |
| 23:30 | Orc Burrow |
| 24:06 | Watch Tower |
| 24:09 | Watch Tower |
| 25:19 | Earth Quake |
| 25:30 | War Stomp |
| 25:57 | Endurance Aura |
| Right click | 1299 |
| Select group | 662 |
| Select | 512 |
| Build/train/purchase | 130 |
| Assign group | 55 |
| Use ability | 38 |
| Chat | 16 |
| Misc. action | 14 |
| Minimap ping | 4 |
| Item give/drop | 1 |
| Remove unit | 1 |



| Rod of Necromancy | 2 | 300 |
| Orb of Corruption | 1 | 375 |
| Lesser Clarity Potion | 3 | 210 |
| Potion of Healing | 1 | 150 |
| Scroll of Healing | 3 | 750 |
| Scroll of Town Portal | 4 | 1400 |
| Potion of Lesser Invulnerability | 1 | 150 |
| total: | 15 | 3335g |
| Acolyte | 9 | 675 | / | 0 |
| Ghoul | 4 | 480 | / | 0 |
| Crypt Fiend | 17 | 3655 | / | 680 |
| Obsidian Statue | 11 | 2200 | / | 385 |
| Gargoyle | 2 | 350 | / | 60 |
| Frost Wyrm | 3 | 1155 | / | 360 |
| total: | 46 | 8515g | / | 1485w |
| Spirit Tower | 4 | 580 | / | 160 |
| Ziggurat | 7 | 1050 | / | 350 |
| Altar of Darkness | 1 | 180 | / | 50 |
| Crypt | 1 | 200 | / | 50 |
| Graveyard | 1 | 215 | / | 0 |
| Tomb of Relics | 2 | 260 | / | 60 |
| Necropolis | 3 | 675 | / | 0 |
| Slaughterhouse | 1 | 140 | / | 135 |
| Sacrificial Pit | 1 | 75 | / | 150 |
| Boneyard | 1 | 175 | / | 200 |
| Halls of the Dead | 1 | 320 | / | 210 |
| Black Citadel | 1 | 325 | / | 230 |
| total: | 18 | 2970g | / | 995w |
| 0:02 | Acolyte |
| 0:02 | Acolyte |
| 0:09 | Ziggurat |
| 0:11 | Altar of Darkness |
| 0:35 | Crypt |
| 0:59 | Graveyard |
| 1:13 | Tomb of Relics |
| 1:35 | Ghoul |
| 1:36 | Ghoul |
| 1:45 | Ghoul |
| 1:47 | Acolyte |
| 2:10 | Death Coil |
| 2:16 | Rod of Necromancy |
| 2:26 | Crypt Fiend |
| 3:00 | Halls of the Dead |
| 3:12 | Ziggurat |
| 3:22 | Creature Attack |
| 3:22 | Improved Creature Attack |
| 4:00 | Unholy Aura |
| 4:06 | Crypt Fiend |
| 4:18 | Rod of Necromancy |
| 4:28 | Ziggurat |
| 4:29 | Ziggurat |
| 4:50 | Crypt Fiend |
| 5:41 | Acolyte |
| 5:41 | Acolyte |
| 5:43 | Acolyte |
| 6:00 | Slaughterhouse |
| 6:10 | Death Coil |
| 6:16 | Acolyte |
| 6:16 | Acolyte |
| 6:40 | Ziggurat |
| 6:41 | Necropolis |
| 6:44 | Necropolis |
| 6:54 | Frost Nova |
| 7:01 | Ziggurat |
| 7:06 | Obsidian Statue |
| 7:18 | Black Citadel |
| 7:32 | Crypt Fiend |
| 7:33 | Obsidian Statue |
| 7:40 | Spirit Tower |
| 8:00 | Ziggurat |
| 8:15 | Frost Armor |
| 8:19 | Crypt Fiend |
| 8:20 | Obsidian Statue |
| 8:40 | Spirit Tower |
| 8:51 | Crypt Fiend |
| 9:11 | Scroll of Healing |
| 9:12 | Potion of Lesser Invulnerability |
| 9:15 | Scroll of Town Portal |
| 9:22 | Web |
| 9:34 | Spirit Tower |
| 10:30 | Crypt Fiend |
| 10:36 | Orb of Corruption |
| 10:40 | Obsidian Statue |
| 10:45 | Unholy Aura |
| 11:03 | Crypt Fiend |
| 11:05 | Destroyer Form |
| 11:56 | Crypt Fiend |
| 11:57 | Sacrificial Pit |
| 12:28 | Lesser Clarity Potion |
| 12:46 | Crypt Fiend |
| 12:46 | Obsidian Statue |
| 13:37 | Frost Nova |
| 13:46 | Gargoyle |
| 13:46 | Gargoyle |
| 13:47 | Obsidian Statue |
| 13:52 | Carrion Swarm |
| 14:04 | Crypt Fiend |
| 14:05 | Obsidian Statue |
| 14:34 | Death Coil |
| 14:36 | Obsidian Statue |
| 15:24 | Boneyard |
| 15:59 | Scroll of Town Portal |
| 15:59 | Scroll of Healing |
| 16:09 | Crypt Fiend |
| 16:11 | Obsidian Statue |
| 16:13 | Potion of Healing |
| 16:31 | Scroll of Town Portal |
| 16:32 | Scroll of Healing |
| 17:10 | Sleep |
| 17:42 | Crypt Fiend |
| 17:43 | Obsidian Statue |
| 17:48 | Carrion Swarm |
| 17:53 | Lesser Clarity Potion |
| 17:55 | Lesser Clarity Potion |
| 18:10 | Frost Wyrm |
| 18:31 | Advanced Creature Attack |
| 18:31 | Creature Carapace |
| 19:36 | Crypt Fiend |
| 19:48 | Scroll of Town Portal |
| 20:15 | Acolyte |
| 21:27 | Sleep |
| 21:52 | Frost Wyrm |
| 21:52 | Crypt Fiend |
| 21:53 | Obsidian Statue |
| 22:00 | Dark Ritual |
| 22:03 | Animate Dead |
| 22:36 | Crypt Fiend |
| 22:38 | Freezing Breath |
| 22:45 | Necropolis |
| 22:47 | Tomb of Relics |
| 23:13 | Frost Wyrm |
| 24:17 | Improved Creature Carapace |
| 24:17 | Advanced Creature Carapace |
| 24:30 | Ghoul |
| 24:56 | Frost Nova |
| 25:25 | Death Pact |
| 25:49 | Carrion Swarm |
| 26:03 | Crypt Fiend |
| Select group | 1176 |
| Right click | 1171 |
| Select | 497 |
| Misc. action | 203 |
| Build/train/purchase | 188 |
| Assign group | 111 |
| Use ability | 100 |
| Minimap ping | 12 |
| Item give/drop | 6 |
| Esc | 2 |



| Scroll of Regeneration | 4 | 400 |
| Lesser Clarity Potion | 6 | 420 |
| Potion of Mana | 3 | 600 |
| Potion of Healing | 5 | 750 |
| Mechanical Critter | 2 | 100 |
| Staff of Sanctuary | 2 | 500 |
| Orb of Fire | 1 | 325 |
| Ivory Tower | 2 | 80 |
| Scroll of Town Portal | 3 | 1050 |
| Scroll of Healing | 4 | 1000 |
| Potion of Lesser Invulnerability | 2 | 300 |
| Scroll of Protection | 1 | 150 |
| Boots of Speed | 1 | 250 |
| Scroll of Speed | 1 | 50 |
| total: | 37 | 5975g |
| Peasant | 42 | 3150 | / | 0 |
| Footman | 6 | 810 | / | 0 |
| Priest | 23 | 3105 | / | 230 |
| Knight | 9 | 2205 | / | 540 |
| Rifleman | 1 | 205 | / | 30 |
| total: | 81 | 9475g | / | 800w |
| Scout Tower | 16 | 480 | / | 320 |
| Arcane Tower | 4 | 280 | / | 200 |
| Guard Tower | 6 | 420 | / | 300 |
| Altar of Kings | 2 | 360 | / | 100 |
| Farm | 11 | 880 | / | 220 |
| Barracks | 2 | 320 | / | 120 |
| Town Hall | 7 | 2695 | / | 1435 |
| Arcane Vault | 1 | 130 | / | 30 |
| Lumber Mill | 3 | 360 | / | 0 |
| Blacksmith | 1 | 140 | / | 60 |
| Arcane Sanctum | 2 | 300 | / | 280 |
| Workshop | 2 | 280 | / | 280 |
| Keep | 3 | 960 | / | 630 |
| Castle | 4 | 1440 | / | 840 |
| total: | 47 | 5945g | / | 2845w |
| 0:01 | Peasant |
| 0:01 | Peasant |
| 0:06 | Altar of Kings |
| 0:19 | Farm |
| 0:22 | Barracks |
| 0:29 | Peasant |
| 0:34 | Peasant |
| 0:44 | Peasant |
| 0:56 | Farm |
| 1:00 | Peasant |
| 1:25 | Footman |
| 1:26 | Peasant |
| 1:34 | Farm |
| 1:45 | Footman |
| 1:52 | Peasant |
| 1:56 | Scout Tower |
| 2:08 | Peasant |
| 2:16 | Summon Water Elemental |
| 2:33 | Farm |
| 2:38 | Footman |
| 2:39 | Peasant |
| 2:41 | Farm |
| 2:43 | Arcane Tower |
| 3:08 | Footman |
| 3:09 | Peasant |
| 3:28 | Footman |
| 3:29 | Peasant |
| 3:34 | Brilliance Aura |
| 3:42 | Peasant |
| 3:43 | Footman |
| 4:18 | Town Hall |
| 4:23 | Scout Tower |
| 4:33 | Peasant |
| 4:40 | Peasant |
| 5:25 | Keep |
| 5:27 | Scout Tower |
| 5:35 | Arcane Vault |
| 5:39 | Lumber Mill |
| 5:45 | Farm |
| 5:52 | Farm |
| 6:28 | Summon Water Elemental |
| 6:46 | Guard Tower |
| 6:52 | Lumber Mill |
| 6:54 | Scout Tower |
| 6:54 | Scout Tower |
| 6:56 | Arcane Tower |
| 8:02 | Town Hall |
| 8:06 | Scout Tower |
| 8:08 | Scout Tower |
| 8:10 | Lumber Mill |
| 8:14 | Scout Tower |
| 8:16 | Scout Tower |
| 8:21 | Peasant |
| 8:21 | Peasant |
| 8:21 | Peasant |
| 8:21 | Peasant |
| 8:21 | Peasant |
| 8:23 | Improved Lumber Harvesting |
| 8:26 | Peasant |
| 8:26 | Peasant |
| 8:27 | Peasant |
| 8:28 | Improved Masonry |
| 8:35 | Scout Tower |
| 8:39 | Scout Tower |
| 8:50 | Farm |
| 8:51 | Farm |
| 9:01 | Peasant |
| 9:01 | Peasant |
| 9:45 | Castle |
| 9:50 | Blacksmith |
| 9:53 | Farm |
| 9:57 | Arcane Tower |
| 10:13 | Scroll of Regeneration |
| 10:13 | Lesser Clarity Potion |
| 10:15 | Potion of Mana |
| 10:17 | Potion of Healing |
| 10:18 | Mechanical Critter |
| 10:19 | Mechanical Critter |
| 10:33 | Arcane Sanctum |
| 11:05 | Arcane Sanctum |
| 11:08 | Storm Bolt |
| 11:15 | Barracks |
| 11:18 | Iron Plating |
| 11:18 | Black Gunpowder |
| 11:19 | Scroll of Regeneration |
| 11:19 | Lesser Clarity Potion |
| 11:24 | Potion of Healing |
| 11:24 | Potion of Mana |
| 11:40 | Guard Tower |
| 11:40 | Guard Tower |
| 11:43 | Advanced Masonry |
| 11:51 | Peasant |
| 11:51 | Peasant |
| 11:51 | Peasant |
| 11:55 | Priest Adept Training |
| 11:56 | Priest |
| 11:56 | Priest |
| 11:57 | Priest |
| 11:57 | Priest |
| 11:57 | Priest |
| 12:00 | Priest |
| 12:00 | Priest |
| 12:15 | Staff of Sanctuary |
| 12:18 | Orb of Fire |
| 12:22 | Animal War Training |
| 12:28 | Sundering Blades |
| 12:31 | Advanced Lumber Harvesting |
| 12:45 | Peasant |
| 12:45 | Peasant |
| 12:46 | Peasant |
| 12:46 | Peasant |
| 12:46 | Peasant |
| 13:07 | Holy Light |
| 13:19 | Potion of Healing |
| 13:23 | Priest Master Training |
| 13:30 | Knight |
| 13:31 | Priest |
| 13:31 | Priest |
| 13:37 | Rifleman |
| 13:39 | Knight |
| 13:42 | Knight |
| 13:47 | Town Hall |
| 14:23 | Iron Forged Swords |
| 15:14 | Town Hall |
| 16:09 | Scroll of Town Portal |
| 16:41 | Altar of Kings |
| 16:48 | Brilliance Aura |
| 16:51 | Potion of Healing |
| 16:58 | Potion of Healing |
| 17:02 | Scroll of Speed |
| 17:24 | Priest |
| 17:25 | Priest |
| 17:25 | Priest |
| 17:26 | Priest |
| 17:26 | Priest |
| 17:29 | Farm |
| 17:47 | Keep |
| 18:04 | Peasant |
| 18:04 | Peasant |
| 18:04 | Peasant |
| 18:04 | Peasant |
| 18:04 | Peasant |
| 18:25 | Scroll of Town Portal |
| 18:26 | Potion of Lesser Invulnerability |
| 18:29 | Scroll of Healing |
| 18:40 | Divine Shield |
| 18:40 | Divine Shield |
| 19:23 | Scroll of Healing |
| 19:23 | Scroll of Protection |
| 19:24 | Boots of Speed |
| 19:32 | Town Hall |
| 20:06 | Thunder Clap |
| 20:18 | Castle |
| 20:21 | Priest |
| 20:22 | Priest |
| 20:23 | Steel Plating |
| 20:24 | Steel Forged Swords |
| 20:58 | Holy Light |
| 21:17 | Thunder Clap |
| 21:35 | Scout Tower |
| 21:35 | Scout Tower |
| 21:36 | Scout Tower |
| 21:37 | Scout Tower |
| 21:38 | Scout Tower |
| 21:45 | Priest |
| 21:45 | Priest |
| 21:45 | Priest |
| 21:50 | Scroll of Regeneration |
| 21:52 | Lesser Clarity Potion |
| 21:54 | Lesser Clarity Potion |
| 21:58 | Potion of Mana |
| 22:01 | Ivory Tower |
| 22:01 | Ivory Tower |
| 22:04 | Arcane Tower |
| 22:05 | Guard Tower |
| 22:11 | Guard Tower |
| 22:12 | Guard Tower |
| 22:40 | Town Hall |
| 22:48 | Workshop |
| 22:49 | Workshop |
| 22:56 | Mithril Plating |
| 22:57 | Knight |
| 23:01 | Peasant |
| 23:01 | Peasant |
| 23:09 | Lesser Clarity Potion |
| 23:15 | Staff of Sanctuary |
| 23:28 | Knight |
| 23:31 | Peasant |
| 23:31 | Peasant |
| 24:05 | Summon Water Elemental |
| 24:26 | Priest |
| 24:26 | Priest |
| 24:26 | Priest |
| 24:27 | Knight |
| 24:41 | Scroll of Town Portal |
| 24:42 | Scroll of Regeneration |
| 24:44 | Lesser Clarity Potion |
| 25:02 | Potion of Lesser Invulnerability |
| 25:04 | Scroll of Healing |
| 25:05 | Scroll of Healing |
| 25:15 | Priest |
| 25:15 | Knight |
| 25:40 | Town Hall |
| 25:50 | Knight |
| 25:51 | Knight |
| Select group | 1484 |
| Right click | 764 |
| Select | 692 |
| Build/train/purchase | 321 |
| Assign group | 92 |
| Misc. action | 80 |
| Use ability | 76 |
| Esc | 19 |
| Item give/drop | 4 |
| Minimap ping | 2 |
| Wisp | 17 | 1020 | / | 0 |
| Archer | 27 | 3510 | / | 270 |
| Huntress | 10 | 1950 | / | 200 |
| Hippogryph | 19 | 3040 | / | 380 |
| total: | 73 | 9520g | / | 850w |
| Moon Well | 8 | 1440 | / | 320 |
| Ancient of War | 1 | 150 | / | 60 |
| Altar of Elders | 1 | 180 | / | 50 |
| Hunter's Hall | 1 | 210 | / | 100 |
| Tree of Life | 4 | 1360 | / | 740 |
| Ancient of Wind | 1 | 150 | / | 140 |
| Tree of Ages | 1 | 320 | / | 180 |
| Tree of Eternity | 1 | 330 | / | 200 |
| total: | 16 | 3490g | / | 1410w |
| 0:06 | Wisp |
| 0:06 | Wisp |
| 0:06 | Wisp |
| 0:07 | Wisp |
| 0:07 | Wisp |
| 0:07 | Wisp |
| 0:08 | Wisp |
| 0:08 | Wisp |
| 0:28 | Moon Well |
| 0:41 | Moon Well |
| 1:08 | Ancient of War |
| 1:15 | Wisp |
| 1:15 | Wisp |
| 2:01 | Altar of Elders |
| 2:11 | Archer |
| 2:11 | Archer |
| 2:34 | Tree of Ages |
| 2:39 | Archer |
| 2:43 | Archer |
| 3:00 | Hunter's Hall |
| 3:04 | Archer |
| 3:17 | Archer |
| 3:41 | Moon Well |
| 3:52 | Archer |
| 4:14 | Strength of the Moon |
| 4:19 | Improved Strength of the Moon |
| 4:49 | Huntress |
| 4:49 | Huntress |
| 4:50 | Huntress |
| 4:57 | Improved Bows |
| 4:58 | Moon Glaive |
| 5:06 | Ultravision |
| 5:47 | Tree of Life |
| 5:54 | Archer |
| 5:58 | Archer |
| 6:32 | Advanced Strength of the Moon |
| 6:39 | Wisp |
| 6:39 | Wisp |
| 7:19 | Moon Well |
| 7:26 | Ancient of Wind |
| 8:17 | Tree of Life |
| 8:40 | Tree of Life |
| 8:50 | Archer |
| 9:01 | Archer |
| 9:01 | Archer |
| 9:01 | Archer |
| 9:04 | Tree of Eternity |
| 10:55 | Archer |
| 11:23 | Archer |
| 11:25 | Wisp |
| 11:26 | Wisp |
| 11:26 | Wisp |
| 11:26 | Wisp |
| 11:27 | Wisp |
| 11:29 | Moon Armor |
| 12:22 | Marksmanship |
| 12:22 | Huntress |
| 12:23 | Huntress |
| 12:23 | Huntress |
| 12:23 | Huntress |
| 12:50 | Moon Well |
| 12:53 | Hippogryph |
| 12:53 | Hippogryph |
| 12:54 | Hippogryph |
| 12:54 | Hippogryph |
| 12:54 | Hippogryph |
| 12:54 | Hippogryph |
| 13:30 | Moon Well |
| 14:17 | Hippogryph |
| 14:18 | Hippogryph |
| 14:19 | Hippogryph |
| 14:22 | Improved Moon Armor |
| 15:15 | Archer |
| 15:15 | Archer |
| 15:15 | Archer |
| 15:16 | Archer |
| 15:16 | Archer |
| 15:16 | Archer |
| 15:16 | Archer |
| 15:17 | Archer |
| 15:38 | Hippogryph |
| 15:38 | Hippogryph |
| 15:39 | Hippogryph |
| 16:01 | Archer |
| 17:37 | Moon Well |
| 17:40 | Moon Well |
| 18:16 | Tree of Life |
| 21:48 | Hippogryph |
| 22:03 | Hippogryph |
| 22:22 | Huntress |
| 22:41 | Hippogryph |
| 23:37 | Huntress |
| 23:43 | Archer |
| 23:48 | Huntress |
| 23:49 | Archer |
| 23:49 | Archer |
| 24:48 | Hippogryph |
| 26:07 | Hippogryph |
| 26:08 | Hippogryph |
| 26:08 | Hippogryph |
| Right click | 478 |
| Select | 300 |
| Build/train/purchase | 94 |
| Use ability | 4 |
| Minimap ping | 4 |
| Remove unit | 3 |
214 units @ 27.7k
/ 3.9k
105 buildings @ 13.6k
/ 6k



| Potion of Healing | 4 | 600 |
| Orb of Venom | 1 | 325 |
| Scroll of Town Portal | 5 | 1750 |
| total: | 10 | 2675g |
| Wisp | 22 | 1320 | / | 0 |
| Archer | 11 | 1430 | / | 110 |
| Hippogryph | 10 | 1600 | / | 200 |
| Dryad | 7 | 1015 | / | 420 |
| Mountain Giant | 2 | 700 | / | 200 |
| Chimaera | 2 | 660 | / | 140 |
| total: | 54 | 6725g | / | 1070w |
| Ancient of War | 1 | 150 | / | 60 |
| Altar of Elders | 1 | 180 | / | 50 |
| Moon Well | 9 | 1620 | / | 360 |
| Tree of Life | 2 | 680 | / | 370 |
| Ancient of Wonders | 1 | 90 | / | 30 |
| Hunter's Hall | 1 | 210 | / | 100 |
| Ancient of Wind | 1 | 150 | / | 140 |
| Ancient of Lore | 1 | 155 | / | 145 |
| Chimaera Roost | 2 | 280 | / | 380 |
| Tree of Ages | 1 | 320 | / | 180 |
| Tree of Eternity | 1 | 330 | / | 200 |
| total: | 19 | 3515g | / | 1635w |
| 0:03 | Wisp |
| 0:03 | Wisp |
| 0:08 | Ancient of War |
| 0:19 | Altar of Elders |
| 0:23 | Moon Well |
| 0:29 | Wisp |
| 0:39 | Wisp |
| 0:52 | Wisp |
| 1:16 | Archer |
| 1:38 | Moon Well |
| 1:40 | Archer |
| 1:59 | Archer |
| 2:19 | Force of Nature |
| 2:29 | Wisp |
| 2:31 | Archer |
| 2:37 | Moon Well |
| 2:40 | Archer |
| 2:49 | Wisp |
| 3:19 | Wisp |
| 3:24 | Archer |
| 3:41 | Entangling Roots |
| 3:42 | Tree of Ages |
| 3:56 | Archer |
| 4:35 | Tree of Life |
| 4:53 | Moon Well |
| 4:55 | Moon Well |
| 5:39 | Ancient of Wonders |
| 5:42 | Hunter's Hall |
| 7:04 | Wisp |
| 7:04 | Wisp |
| 7:04 | Wisp |
| 7:04 | Wisp |
| 7:04 | Wisp |
| 7:08 | Force of Nature |
| 7:24 | Ancient of Wind |
| 7:26 | Wisp |
| 7:27 | Wisp |
| 7:27 | Wisp |
| 8:04 | Wisp |
| 8:04 | Wisp |
| 8:07 | Trueshot Aura |
| 8:22 | Ancient of Lore |
| 8:35 | Hippogryph |
| 8:36 | Hippogryph |
| 8:59 | Hippogryph |
| 9:02 | Wisp |
| 9:18 | Wisp |
| 9:25 | Tree of Eternity |
| 9:27 | Wisp |
| 9:32 | Hippogryph |
| 9:37 | Dryad |
| 10:06 | Moon Well |
| 10:07 | Dryad |
| 10:08 | Hippogryph |
| 10:16 | Scout |
| 10:37 | Hippogryph |
| 10:43 | Moon Well |
| 10:53 | Potion of Healing |
| 11:03 | Moon Armor |
| 11:03 | Strength of the Moon |
| 11:05 | Ultravision |
| 11:13 | Dryad |
| 11:14 | Abolish Magic |
| 12:11 | Improved Bows |
| 12:16 | Well Spring |
| 13:43 | Mana Burn |
| 13:45 | Hippogryph |
| 13:45 | Dryad |
| 13:47 | Potion of Healing |
| 13:47 | Orb of Venom |
| 13:48 | Scroll of Town Portal |
| 13:48 | Potion of Healing |
| 13:49 | Scroll of Town Portal |
| 13:53 | Archer |
| 13:53 | Marksmanship |
| 13:54 | Improved Moon Armor |
| 14:28 | Thorns Aura |
| 15:02 | Evasion |
| 15:14 | Trueshot Aura |
| 15:16 | Improved Strength of the Moon |
| 15:35 | Archer |
| 15:35 | Hippogryph |
| 15:36 | Dryad |
| 15:51 | Advanced Moon Armor |
| 15:53 | Reinforced Hides |
| 15:58 | Moon Well |
| 16:00 | Moon Well |
| 17:11 | Scout |
| 17:43 | Chimaera Roost |
| 17:44 | Chimaera Roost |
| 17:47 | Dryad |
| 17:47 | Mountain Giant |
| 17:48 | Hippogryph |
| 17:49 | Archer |
| 17:54 | Force of Nature |
| 18:00 | Tree of Life |
| 18:11 | Scroll of Town Portal |
| 18:13 | Scroll of Town Portal |
| 18:13 | Potion of Healing |
| 18:46 | Dryad |
| 19:39 | Chimaera |
| 20:58 | Mana Burn |
| 21:27 | Trueshot Aura |
| 22:37 | Mountain Giant |
| 22:39 | Archer |
| 22:40 | Hippogryph |
| 22:44 | Wisp |
| 22:47 | Chimaera |
| 23:20 | Scroll of Town Portal |
| Right click | 796 |
| Select group | 576 |
| Select | 338 |
| Build/train/purchase | 112 |
| Use ability | 51 |
| Assign group | 26 |
| Item give/drop | 2 |



| Rod of Necromancy | 7 | 1050 |
| Sacrificial Skull | 1 | 50 |
| Potion of Mana | 2 | 400 |
| Orb of Corruption | 2 | 750 |
| Lesser Clarity Potion | 2 | 140 |
| Potion of Healing | 6 | 900 |
| Scroll of Town Portal | 6 | 2100 |
| Scroll of Regeneration | 1 | 100 |
| total: | 27 | 5490g |
| Acolyte | 20 | 1500 | / | 0 |
| Ghoul | 6 | 720 | / | 0 |
| Crypt Fiend | 13 | 2795 | / | 520 |
| Obsidian Statue | 11 | 2200 | / | 385 |
| Frost Wyrm | 2 | 770 | / | 240 |
| total: | 52 | 7985g | / | 1145w |
| Spirit Tower | 1 | 145 | / | 40 |
| Graveyard | 1 | 215 | / | 0 |
| Crypt | 3 | 600 | / | 150 |
| Altar of Darkness | 1 | 180 | / | 50 |
| Ziggurat | 8 | 1200 | / | 400 |
| Tomb of Relics | 1 | 130 | / | 30 |
| Necropolis | 3 | 675 | / | 0 |
| Slaughterhouse | 2 | 280 | / | 270 |
| Sacrificial Pit | 1 | 75 | / | 150 |
| Boneyard | 2 | 350 | / | 400 |
| Halls of the Dead | 2 | 640 | / | 420 |
| Black Citadel | 1 | 325 | / | 230 |
| Arcane Vault | 1 | 130 | / | 30 |
| total: | 23 | 3835g | / | 1480w |
| 0:04 | Acolyte |
| 0:07 | Graveyard |
| 0:09 | Crypt |
| 0:11 | Crypt |
| 0:17 | Acolyte |
| 0:17 | Acolyte |
| 0:17 | Acolyte |
| 0:17 | Acolyte |
| 0:17 | Acolyte |
| 0:18 | Acolyte |
| 0:18 | Acolyte |
| 0:18 | Acolyte |
| 0:40 | Altar of Darkness |
| 0:56 | Ziggurat |
| 1:11 | Ghoul |
| 1:11 | Ghoul |
| 1:23 | Tomb of Relics |
| 1:43 | Ziggurat |
| 1:51 | Ghoul |
| 1:51 | Ghoul |
| 2:05 | Ghoul |
| 2:18 | Ghoul |
| 2:43 | Crypt Fiend |
| 2:51 | Rod of Necromancy |
| 2:51 | Rod of Necromancy |
| 2:59 | Acolyte |
| 2:59 | Acolyte |
| 3:01 | Death Coil |
| 3:14 | Acolyte |
| 3:56 | Unholy Aura |
| 4:00 | Acolyte |
| 4:00 | Acolyte |
| 4:00 | Acolyte |
| 4:02 | Ziggurat |
| 4:32 | Acolyte |
| 4:49 | Ziggurat |
| 4:55 | Rod of Necromancy |
| 4:56 | Crypt Fiend |
| 5:15 | Sacrificial Skull |
| 5:28 | Crypt Fiend |
| 5:45 | Halls of the Dead |
| 6:18 | Necropolis |
| 6:20 | Necropolis |
| 6:27 | Crypt Fiend |
| 6:29 | Crypt |
| 6:55 | Creature Attack |
| 6:56 | Crypt Fiend |
| 7:18 | Crypt Fiend |
| 7:22 | Ziggurat |
| 7:23 | Ziggurat |
| 7:26 | Ziggurat |
| 7:43 | Ziggurat |
| 7:55 | Acolyte |
| 7:55 | Acolyte |
| 7:55 | Acolyte |
| 7:55 | Acolyte |
| 8:36 | Death Coil |
| 8:46 | Black Citadel |
| 8:49 | Spirit Tower |
| 8:54 | Creature Carapace |
| 8:54 | Improved Creature Carapace |
| 9:46 | Rod of Necromancy |
| 9:47 | Scroll of Town Portal |
| 9:59 | Potion of Mana |
| 10:01 | Frost Nova |
| 10:06 | Halls of the Dead |
| 10:08 | Slaughterhouse |
| 10:29 | Improved Creature Attack |
| 10:29 | Advanced Creature Attack |
| 11:16 | Crypt Fiend |
| 11:17 | Obsidian Statue |
| 11:17 | Obsidian Statue |
| 11:20 | Slaughterhouse |
| 11:57 | Rod of Necromancy |
| 11:57 | Scroll of Town Portal |
| 11:58 | Orb of Corruption |
| 12:06 | Advanced Creature Carapace |
| 12:09 | Obsidian Statue |
| 12:28 | Lesser Clarity Potion |
| 12:28 | Lesser Clarity Potion |
| 12:47 | Crypt Fiend |
| 12:58 | Destroyer Form |
| 13:01 | Crypt Fiend |
| 13:30 | Unholy Aura |
| 13:43 | Crypt Fiend |
| 13:44 | Obsidian Statue |
| 13:53 | Scroll of Regeneration |
| 14:16 | Dark Ritual |
| 14:33 | Sacrificial Pit |
| 14:36 | Crypt Fiend |
| 14:46 | Impale |
| 14:48 | Rod of Necromancy |
| 14:49 | Orb of Corruption |
| 14:49 | Potion of Healing |
| 14:51 | Scroll of Town Portal |
| 14:51 | Potion of Healing |
| 15:50 | Web |
| 15:53 | Burrow |
| 15:55 | Obsidian Statue |
| 16:59 | Obsidian Statue |
| 17:00 | Crypt Fiend |
| 17:15 | Scroll of Town Portal |
| 17:23 | Boneyard |
| 17:40 | Ghoul Frenzy |
| 18:17 | Necropolis |
| 19:11 | Crypt Fiend |
| 19:12 | Obsidian Statue |
| 19:14 | Frost Wyrm |
| 19:15 | Boneyard |
| 19:43 | Spiked Carapace |
| 19:46 | Potion of Healing |
| 19:47 | Rod of Necromancy |
| 20:02 | Scroll of Town Portal |
| 20:03 | Potion of Healing |
| 20:03 | Potion of Mana |
| 20:05 | Potion of Healing |
| 20:40 | Death Pact |
| 20:41 | Frost Nova |
| 21:37 | Obsidian Statue |
| 21:49 | Arcane Vault |
| 22:01 | Frost Wyrm |
| 22:04 | Obsidian Statue |
| 22:50 | Obsidian Statue |
| 23:43 | Obsidian Statue |
| 24:09 | Scroll of Town Portal |
| 24:11 | Potion of Healing |
| Right click | 1056 |
| Select | 652 |
| Select group | 579 |
| Build/train/purchase | 161 |
| Use ability | 121 |
| Misc. action | 67 |
| Assign group | 65 |
| Chat | 19 |
| Minimap ping | 6 |
| Resource trade | 6 |
| Item give/drop | 4 |
| Esc | 3 |

| Scroll of Regeneration | 9 | 900 |
| Lesser Clarity Potion | 3 | 210 |
| Potion of Healing | 6 | 900 |
| Scroll of Town Portal | 5 | 1750 |
| Rod of Necromancy | 1 | 150 |
| total: | 24 | 3910g |
| Peasant | 41 | 3075 | / | 0 |
| Rifleman | 10 | 2050 | / | 300 |
| Mortar Team | 7 | 1260 | / | 490 |
| total: | 58 | 6385g | / | 790w |
| Scout Tower | 10 | 300 | / | 200 |
| Guard Tower | 15 | 1050 | / | 750 |
| Arcane Tower | 5 | 350 | / | 250 |
| Altar of Kings | 1 | 180 | / | 50 |
| Farm | 6 | 480 | / | 120 |
| Lumber Mill | 1 | 120 | / | 0 |
| Blacksmith | 1 | 140 | / | 60 |
| Barracks | 1 | 160 | / | 60 |
| Arcane Vault | 2 | 260 | / | 60 |
| Town Hall | 2 | 770 | / | 410 |
| Workshop | 2 | 280 | / | 280 |
| Keep | 2 | 640 | / | 420 |
| total: | 26 | 2690g | / | 1240w |
| 0:05 | Peasant |
| 0:05 | Peasant |
| 0:14 | Altar of Kings |
| 0:17 | Farm |
| 0:27 | Peasant |
| 0:27 | Peasant |
| 0:50 | Lumber Mill |
| 0:51 | Peasant |
| 0:52 | Peasant |
| 0:52 | Peasant |
| 1:21 | Peasant |
| 1:28 | Blacksmith |
| 1:36 | Barracks |
| 1:43 | Peasant |
| 1:49 | Scout Tower |
| 2:04 | Farm |
| 2:18 | Guard Tower |
| 2:18 | Guard Tower |
| 2:23 | Arcane Vault |
| 2:33 | Storm Bolt |
| 2:47 | Rifleman |
| 2:50 | Farm |
| 3:03 | Farm |
| 3:05 | Rifleman |
| 3:25 | Rifleman |
| 3:30 | Peasant |
| 3:30 | Peasant |
| 3:30 | Peasant |
| 3:51 | Farm |
| 3:54 | Peasant |
| 4:28 | Town Hall |
| 4:34 | Bash |
| 4:43 | Farm |
| 4:49 | Peasant |
| 4:49 | Peasant |
| 5:07 | Peasant |
| 5:09 | Rifleman |
| 5:38 | Scout Tower |
| 5:45 | Scroll of Regeneration |
| 5:46 | Lesser Clarity Potion |
| 6:30 | Arcane Tower |
| 6:37 | Scroll of Regeneration |
| 6:37 | Scroll of Regeneration |
| 7:06 | Rod of Necromancy |
| 7:10 | Peasant |
| 7:11 | Peasant |
| 7:21 | Rifleman |
| 7:27 | Scroll of Regeneration |
| 7:27 | Lesser Clarity Potion |
| 7:34 | Keep |
| 7:38 | Scout Tower |
| 7:41 | Scout Tower |
| 7:44 | Scout Tower |
| 8:43 | Town Hall |
| 8:45 | Guard Tower |
| 9:05 | Scroll of Regeneration |
| 9:06 | Lesser Clarity Potion |
| 9:20 | Rifleman |
| 10:04 | Potion of Healing |
| 10:14 | Storm Bolt |
| 10:28 | Peasant |
| 10:28 | Peasant |
| 10:28 | Peasant |
| 10:46 | Long Rifles |
| 10:49 | Peasant |
| 10:49 | Peasant |
| 11:16 | Scroll of Town Portal |
| 11:24 | Scout Tower |
| 11:26 | Rifleman |
| 11:36 | Peasant |
| 11:36 | Peasant |
| 12:21 | Guard Tower |
| 12:23 | Scout Tower |
| 12:27 | Rifleman |
| 12:31 | Scroll of Regeneration |
| 12:34 | Potion of Healing |
| 12:35 | Scroll of Town Portal |
| 12:41 | Black Gunpowder |
| 12:41 | Refined Gunpowder |
| 12:44 | Workshop |
| 12:52 | Workshop |
| 12:59 | Guard Tower |
| 13:10 | Potion of Healing |
| 13:21 | Peasant |
| 13:21 | Peasant |
| 13:35 | Potion of Healing |
| 14:09 | Scroll of Regeneration |
| 14:09 | Scroll of Regeneration |
| 14:12 | Bash |
| 14:14 | Peasant |
| 14:15 | Peasant |
| 14:21 | Mortar Team |
| 14:21 | Mortar Team |
| 14:43 | Peasant |
| 14:43 | Peasant |
| 15:21 | Arcane Vault |
| 15:27 | Rifleman |
| 15:47 | Peasant |
| 15:48 | Peasant |
| 15:48 | Peasant |
| 16:02 | Mortar Team |
| 16:29 | Scout Tower |
| 16:31 | Peasant |
| 16:40 | Mortar Team |
| 16:44 | Flare |
| 17:00 | Guard Tower |
| 17:01 | Guard Tower |
| 17:08 | Mortar Team |
| 17:17 | Potion of Healing |
| 17:17 | Scroll of Town Portal |
| 17:39 | Rifleman |
| 17:42 | Mortar Team |
| 17:45 | Scout Tower |
| 17:49 | Improved Lumber Harvesting |
| 17:49 | Advanced Lumber Harvesting |
| 17:51 | Peasant |
| 17:51 | Peasant |
| 17:54 | Peasant |
| 17:54 | Peasant |
| 17:54 | Peasant |
| 18:22 | Arcane Tower |
| 18:24 | Scout Tower |
| 18:28 | Peasant |
| 19:23 | Mortar Team |
| 19:35 | Potion of Healing |
| 19:35 | Scroll of Regeneration |
| 19:39 | Scroll of Town Portal |
| 19:39 | Scroll of Town Portal |
| 20:18 | Guard Tower |
| Right click | 485 |
| Select | 387 |
| Build/train/purchase | 177 |
| Misc. action | 34 |
| Use ability | 31 |
| Minimap ping | 1 |



| Scroll of Regeneration | 5 | 500 |
| Lesser Clarity Potion | 3 | 210 |
| Mechanical Critter | 5 | 250 |
| Potion of Healing | 2 | 300 |
| Ivory Tower | 2 | 80 |
| Staff of Sanctuary | 1 | 250 |
| Scroll of Town Portal | 4 | 1400 |
| Boots of Speed | 1 | 250 |
| Periapt of Vitality | 2 | 650 |
| total: | 25 | 3890g |
| Peasant | 23 | 1725 | / | 0 |
| Rifleman | 4 | 820 | / | 120 |
| Priest | 6 | 810 | / | 60 |
| Sorceress | 4 | 620 | / | 80 |
| Mortar Team | 5 | 900 | / | 350 |
| Spell Breaker | 7 | 1505 | / | 210 |
| Knight | 1 | 245 | / | 60 |
| total: | 50 | 6625g | / | 880w |
| Scout Tower | 13 | 390 | / | 260 |
| Arcane Tower | 6 | 420 | / | 300 |
| Guard Tower | 7 | 490 | / | 350 |
| Altar of Kings | 1 | 180 | / | 50 |
| Farm | 11 | 880 | / | 220 |
| Lumber Mill | 2 | 240 | / | 0 |
| Blacksmith | 1 | 140 | / | 60 |
| Barracks | 1 | 160 | / | 60 |
| Town Hall | 2 | 770 | / | 410 |
| Arcane Vault | 2 | 260 | / | 60 |
| Arcane Sanctum | 2 | 300 | / | 280 |
| Workshop | 2 | 280 | / | 280 |
| Keep | 1 | 320 | / | 210 |
| Castle | 1 | 360 | / | 210 |
| total: | 37 | 3600g | / | 1680w |
| 0:02 | Peasant |
| 0:02 | Peasant |
| 0:05 | Altar of Kings |
| 0:21 | Farm |
| 0:25 | Peasant |
| 0:36 | Farm |
| 0:38 | Peasant |
| 0:42 | Peasant |
| 0:48 | Peasant |
| 0:58 | Lumber Mill |
| 1:26 | Blacksmith |
| 1:29 | Peasant |
| 1:32 | Farm |
| 1:35 | Peasant |
| 1:47 | Peasant |
| 1:59 | Barracks |
| 2:07 | Summon Water Elemental |
| 2:12 | Peasant |
| 2:12 | Peasant |
| 2:17 | Scout Tower |
| 2:30 | Peasant |
| 2:30 | Peasant |
| 2:38 | Farm |
| 2:47 | Arcane Tower |
| 3:04 | Peasant |
| 3:05 | Rifleman |
| 3:22 | Farm |
| 3:29 | Peasant |
| 3:41 | Brilliance Aura |
| 3:45 | Scout Tower |
| 4:02 | Town Hall |
| 4:15 | Arcane Tower |
| 4:25 | Peasant |
| 4:38 | Peasant |
| 5:05 | Rifleman |
| 5:08 | Peasant |
| 5:34 | Rifleman |
| 5:41 | Keep |
| 5:43 | Rifleman |
| 5:58 | Arcane Vault |
| 6:08 | Boots of Speed |
| 6:24 | Summon Water Elemental |
| 6:26 | Improved Masonry |
| 6:28 | Black Gunpowder |
| 6:31 | Periapt of Vitality |
| 6:40 | Farm |
| 6:59 | Farm |
| 7:00 | Farm |
| 7:08 | Scroll of Regeneration |
| 7:09 | Lesser Clarity Potion |
| 7:11 | Mechanical Critter |
| 7:12 | Mechanical Critter |
| 7:20 | Scroll of Regeneration |
| 7:27 | Peasant |
| 7:28 | Peasant |
| 7:40 | Peasant |
| 7:40 | Peasant |
| 7:51 | Scout Tower |
| 7:55 | Peasant |
| 8:07 | Arcane Tower |
| 8:12 | Scout Tower |
| 8:13 | Scout Tower |
| 8:19 | Arcane Sanctum |
| 8:21 | Arcane Sanctum |
| 8:26 | Long Rifles |
| 8:28 | Studded Leather Armor |
| 8:38 | Lesser Clarity Potion |
| 8:40 | Potion of Healing |
| 8:41 | Mechanical Critter |
| 8:46 | Scroll of Regeneration |
| 8:54 | Refined Gunpowder |
| 8:57 | Guard Tower |
| 8:58 | Guard Tower |
| 9:08 | Priest |
| 9:11 | Sorceress |
| 9:18 | Sorceress Adept Training |
| 9:20 | Priest Adept Training |
| 9:42 | Sorceress Master Training |
| 10:02 | Farm |
| 10:10 | Workshop |
| 10:12 | Workshop |
| 10:31 | Brilliance Aura |
| 10:36 | Castle |
| 10:37 | Thunder Clap |
| 10:39 | Scroll of Regeneration |
| 10:40 | Lesser Clarity Potion |
| 10:40 | Potion of Healing |
| 10:48 | Sorceress |
| 11:06 | Scroll of Town Portal |
| 11:26 | Mortar Team |
| 11:42 | Sorceress |
| 11:44 | Priest |
| 11:44 | Priest |
| 11:58 | Flare |
| 12:06 | Priest |
| 12:20 | Scout Tower |
| 12:23 | Scout Tower |
| 12:28 | Scout Tower |
| 12:31 | Scout Tower |
| 12:49 | Sorceress |
| 12:50 | Magic Sentry |
| 12:52 | Guard Tower |
| 12:55 | Guard Tower |
| 13:01 | Arcane Tower |
| 13:18 | Arcane Vault |
| 14:05 | Imbued Gunpowder |
| 14:09 | Lumber Mill |
| 14:43 | Fragmentation Shards |
| 14:56 | Storm Bolt |
| 15:11 | Brilliance Aura |
| 15:20 | Mortar Team |
| 15:22 | Improved Lumber Harvesting |
| 15:22 | Advanced Masonry |
| 15:30 | Scroll of Town Portal |
| 15:30 | Periapt of Vitality |
| 15:35 | Priest Master Training |
| 15:44 | Farm |
| 16:10 | Control Magic |
| 16:14 | Spell Breaker |
| 16:16 | Farm |
| 17:02 | Sundering Blades |
| 17:08 | Thunder Clap |
| 17:29 | Scroll of Town Portal |
| 17:29 | Scroll of Town Portal |
| 17:30 | Scroll of Regeneration |
| 17:32 | Mechanical Critter |
| 17:33 | Mechanical Critter |
| 18:00 | Holy Light |
| 18:10 | Ivory Tower |
| 18:10 | Ivory Tower |
| 18:11 | Staff of Sanctuary |
| 18:21 | Knight |
| 18:22 | Mortar Team |
| 19:12 | Mortar Team |
| 19:23 | Spell Breaker |
| 20:10 | Town Hall |
| 20:29 | Spell Breaker |
| 20:53 | Spell Breaker |
| 21:16 | Spell Breaker |
| 21:37 | Mortar Team |
| 21:51 | Mass Teleport |
| 22:13 | Priest |
| 22:15 | Spell Breaker |
| 22:35 | Scout Tower |
| 23:06 | Spell Breaker |
| 24:08 | Scout Tower |
| 24:08 | Scout Tower |
| 24:09 | Scout Tower |
| 24:37 | Priest |
| 24:39 | Guard Tower |
| 25:05 | Guard Tower |
| Right click | 729 |
| Select group | 537 |
| Select | 532 |
| Build/train/purchase | 206 |
| Chat | 131 |
| Assign group | 45 |
| Misc. action | 26 |
| Use ability | 23 |
| Item give/drop | 5 |
| Minimap ping | 3 |
| Esc | 1 |
⇛